 Dungeon Crawl Stone Soup version 0.28-a0-21-gf74fda84f9 (webtiles) character file.

Game seed: 3426326091118749251

70 tilp the Scratcher (level 4, 19/19 HPs)
             Began as a Felid Hedge Wizard on July 26, 2021.
             Quit the game on level 4 of the Dungeon.
             The game lasted 00:07:29 (6102 turns).

tilp the Scratcher (Felid Hedge Wizard)             Turns: 6102, Time: 00:07:29

Health: 19/19      AC:  1    Str:  6    XL:     4   Next: 4%
Magic:  9/9        EV: 21    Int: 16    God:
Gold:   153        SH:  0    Dex: 15    Spells: 4/9 levels left
                                        Lives:  0   Deaths: 1

rFire   . . .      SeeInvis +     - Unarmed
rCold   . . .      Faith    .   (shield unavailable)
rNeg    . . .      Spirit   .   (armour unavailable)
rPois   .          Reflect  .   (helmet unavailable)
rElec   .          Harm     .   (cloak unavailable)
rCorr   .          Rampage  .   (gloves unavailable)
Will    .....                   (boots unavailable)
Stlth   ++........              (no amulet)
HPRegen 0.06/turn               e - +4 ring of evasion
MPRegen 0.11/turn               (no ring)

@: quick
A: very small, claws 1, fangs 3, see invisible, speed 1, shaggy fur 1, stealthy
paws, no weapons or thrown items, no armour, multi-lived
a: no special abilities


You were on level 4 of the Dungeon.
You visited 1 branch of the dungeon, and saw 4 of its levels.

You collected 153 gold pieces.

Inventory:

Jewellery
 e - a +4 ring of evasion (left paw)
Scrolls
 f - 2 scrolls of immolation
Potions
 a - a potion of curing
 b - 2 potions of brilliance {unknown}
 c - 2 potions of ambrosia {unknown}
 d - a potion of lignification {unknown}
 g - a potion of might {unknown}
 h - a potion of degeneration {unknown}


   Skills:
 - Level 2.0 Fighting
 - Level 2.6 Dodging
 - Level 2.6 Stealth
 * Level 3.9 Unarmed Combat
 - Level 3.0 Spellcasting
 - Level 0.8 Conjurations
 - Level 1.0 Summonings
 - Level 1.5 Translocations


You had 4 spell levels left.
You knew the following spells:

 Your Spells              Type           Power      Damage    Failure   Level
a - Magic Dart            Conj           20%        1d4       13%         1
b - Call Imp              Summ           5%         N/A       19%         2
c - Blink                 Tloc           N/A        N/A       16%         2

Your spell library contained the following spells:

 Spells                   Type           Power      Damage    Failure   Level
 Corona                   Hex            2%         N/A       19%         1
 Ensorcelled Hibernation  Hex/Ice        4%         N/A       28%         2
 Slow                     Hex            2%         N/A       28%         2
 Conjure Flame            Conj/Fire      3%         6-21      43%         3
 Mephitic Cloud           Conj/Pois/Air  3%         N/A       45%         3
 Tukima's Dance           Hex            2%         N/A       50%         3


Dungeon Overview and Level Annotations

Branches:
Dungeon (4/15)
 Temple: D:4-7

Altars:


Innate Abilities, Weirdness & Mutations

You have sharp claws.
You have razor-sharp teeth.
You have supernaturally acute eyesight. (SInv)
You cover ground quickly. (Speed+)
You are covered in fur. (AC +1)
Your paws help you pounce on unaware monsters.
You are incapable of wielding weapons or throwing items.
You cannot wear armour.
You gain extra lives every three experience levels.


Message History

A jelly is nearby!
Casting: Call Imp (safe; 19% risk of failure)
Confirm with . or Enter, or press ? or * to list all spells.
A shadowy apparition takes form in the air.
The jelly quivers.
Casting: Call Imp (safe; 19% risk of failure)
Confirm with . or Enter, or press ? or * to list all spells.
You miscast Call Imp.
You are very lightly contaminated with residual magic.
Nothing appears to happen.
Casting: Call Imp (safe; 19% risk of failure)
Confirm with . or Enter, or press ? or * to list all spells.
A beastly little devil appears in a puff of flame.
Casting: Call Imp (safe; 19% risk of failure)
Confirm with . or Enter, or press ? or * to list all spells.
You miscast Call Imp.
Nothing appears to happen.
Casting: Call Imp (safe; 19% risk of failure)
Confirm with . or Enter, or press ? or * to list all spells.
Aiming: Magic Dart (safe; 13% risk of failure)
Press: ? - help, Shift-Dir - straight line, f - jelly
Aim: a jelly (ally target, 100% to hit)
You miscast Magic Dart.
Nothing appears to happen.
Your shadow imp hits the jelly.
Your shadow imp is burned by acid!
Unknown command.
You scratch the jelly.
Your paws burn!
You bite the jelly.
The jelly is severely wounded.
You scratch the jelly.
Your paws burn!
The jelly is almost dead.
Your crimson imp hits the jelly.
Your crimson imp is burned by acid!
The jelly hits you.
You are splashed with acid!
You die...
Your shadow imp hits the jelly.
The jelly dies!
You are now level 3!
You rejoin the land of the living...
Welcome back to level 4!
Found a scroll of identify and a book of Changes.
Are you sure you want to abandon this character and quit the game? (Confirm with "yes".)

##....#.... ##..##..#
#..... ..........#.....
.:........#.....
........g.......
................
###................
######..................
.......@..........##....
..?.......######## #....
..........# #....
..........# #....
..........# #....
########### #####


There were no monsters in sight!

Vanquished Creatures
  2 adders
  2 worms
  An orc (D:4)
  A ball python (D:2)
  3 endoplasms
  3 giant cockroaches
  8 goblins
  10 hobgoblins
  3 kobolds
  3 quokkas
  5 bats
  2 frilled lizards
  2 rats
45 creatures vanquished.

Vanquished Creatures (collateral kills)
  A jelly (D:4)
  4 adders
  A worm (D:2)
  A hobgoblin (D:1)
  A quokka (D:2)
  2 kobolds
10 creatures vanquished.

Grand Total: 55 creatures vanquished

Notes
Turn   | Place    | Note
-------+----------+-------------------------------------------
     0 | D:1      | tilp the Felid Hedge Wizard began the quest for the Orb.
     0 | D:1      | Reached XP level 1. HP: 7/7 MP: 5/5
    88 | D:1      | Reached skill level 1 in Unarmed Combat
   507 | D:1      | Reached XP level 2. HP: 12/12 MP: 4/7
   510 | D:1      | Learned a level 2 spell: Call Imp
   513 | D:1      | Learned a level 2 spell: Blink
  1263 | D:1      | Reached skill level 1 in Fighting
  2593 | D:2      | Reached XP level 3. HP: 4/15 MP: 2/8
  4587 | D:3      | Found a faded altar of an unknown god.
  5154 | D:3      | Reached XP level 4. HP: 19/19 MP: 4/9
  5663 | D:4      | Noticed a water moccasin
  6101 | D:4      | Splashed by a jelly's acid
  6102 | D:4      | Reached XP level 3. HP: 0/16 MP: 0/8
  6102 | D:4      | Reached XP level 4. HP: 19/19 MP: 9/9
  6102 | D:4      | Quit the game

Illustrated notes

Levels and vault maps discovered:
D:1:      dpeg_arrival_morbid_curiosity, layout_loops_corners
D:2:      layout_loops_cross, minmay_misc_feat_diagonals, minivault_27
D:3:      layout_loops_cross, hellmonk_ecumenical_altar_blasted
D:4:      layout_rooms, minmay_snake_closets

Skill      XL: |  1  2  3  4 |
---------------+-------------+-----
Unarmed Combat | 1 2 3 |  3.9
Fighting       | 1 2 |  2.0
Dodging        | |  2.6
Stealth        | |  2.6
Spellcasting   | |  3.0
Conjurations   | |  0.8
Summonings     | |  1.0
Translocations | |  1.5

Action                   |  1- 3 |  4- 6 || total
-------------------------+-------+-------++-------
Melee: Unarmed           |    94 |    18 ||   112
       Bite              |     9 |     1 ||    10
       Punch             |     2 |       ||     2
 Cast: Magic Dart        |    37 |    10 ||    47
       Call Imp          |    26 |    13 ||    39
       Blink             |       |     1 ||     1
  Use: Scroll            |     5 |       ||     5
       Potion            |       |     2 ||     2
 Stab: Sleeping          |     3 |     1 ||     4
Armor: Skin              |     6 |       ||     6
Dodge: Dodged            |    68 |    13 ||    81

Table legend: (Time is in decaauts)
 A = Elapsed time spent in this place.
 B = Non-inter-level travel time spent in this place.
 C = Inter-level travel time spent in this place.
 D = Time resting spent in this place.
 E = Time spent auto-exploring this place.
 F = Levels seen in this place.
 G = Mean time per level.
                   A        B        C        D        E       F      G
               +--------+--------+--------+--------+--------+-----+--------+
         Total |   5630 |   5492 |    138 |   3021 |   1857 |   4 | 1407.5 |
       Dungeon |   5630 |   5492 |    138 |   3021 |   1857 |   4 | 1407.5 |
               +--------+--------+--------+--------+--------+-----+--------+

Top non-repeatable levels by time:
     D:2: 2068 daAuts
     D:1: 2001 daAuts
     D:3: 1147 daAuts
     D:4: 412 daAuts
